 Dungeon Crawl Stone Soup version 0.23-a0-13-gb09bef45d9 (webtiles) character file.

74 LLavrengius the Shield-Bearer (level 4, 0/29 HPs)
             Began as a Gargoyle Fighter on Aug 2, 2018.
             Slain by a worm (6 damage)
             ... on level 2 of the Dungeon.
             The game lasted 00:03:45 (1106 turns).

LLavrengius the Shield-Bearer (Gargoyle Fighter)    Turns: 1106, Time: 00:03:46

Health: 0/29       AC: 10    Str: 20    XL:     4   Next: 30%
Magic:  4/4        EV:  7    Int:  9    God:
Gold:   140        SH:  9    Dex:  9    Spells: 3/3 levels left

rFire    . . .     SeeInvis .   a - +0 long sword
rCold    . . .     Gourm    .   c - +0 shield
rNeg     + . .     Faith    .   b - +0 scale mail
rPois    ∞         Spirit   .   (no helmet)
rElec    +         Reflect  .   (no cloak)
rCorr    .         Harm     .   (no gloves)
MR       .....                  (no boots)
Stlth    ..........             (no amulet)
HPRegen  0.09/turn              (no ring)
MPRegen  0.09/turn              (no ring)

@: no status effects
A: negative energy resistance 1, electricity resistance, unbreathing,
petrification resistance, rot immunity, AC +3
a: no special abilities


You were on level 2 of the Dungeon.
You were very hungry.

You visited 1 branch of the dungeon, and saw 2 of its levels.

You collected 140 gold pieces.

Inventory:

Hand Weapons
 a - a +0 long sword (weapon)
Missiles
 k - 22 stones (quivered)
 l - 15 arrows
Armour
 b - a +0 scale mail (worn)
 c - a +0 shield (worn)
Scrolls
 e - 2 scrolls of remove curse {unknown}
 g - a scroll of magic mapping {unknown}
 i - a scroll of enchant armour {unknown}
 j - a scroll of immolation {unknown}
 o - a scroll of identify {unknown}
Potions
 d - a potion of might
 h - a potion of curing
 m - 2 potions of haste {unknown}
 n - a potion of berserk rage {unknown}
 p - a potion of lignification {unknown}
Comestibles
 f - 3 rations


   Skills:
 + Level 3.8 Fighting
 + Level 2.5 Long Blades
 + Level 3.9 Armour
 + Level 4.0 Shields


You had 3 spell levels left.
You didn't know any spells.
Your spell library was empty.

Dungeon Overview and Level Annotations

Branches:
Dungeon (2/15)

Altars:
Ru


Innate Abilities, Weirdness & Mutations

You are resistant to torment.
Your stone body is resilient. (AC +3)
You are immune to poison.
You resist negative energy. (rN+)
You are resistant to electric shocks. (rElec)
You can survive without breathing.
You are immune to petrification.
You are immune to rotting.


Message History

The worm is moderately wounded.
You block the worm's attack.
You hit the worm.
The worm is moderately wounded.
You block the worm's attack.
You hit the worm.
The worm is heavily wounded.
You block the worm's attack.
You hit the worm.
The worm is severely wounded.
You hit the worm.
The worm is severely wounded.
The worm bites you but does no damage.
Your shield and scale mail prevent you from hitting the worm.
The worm is severely wounded.
The worm bites you but does no damage.
You hit the worm.
The worm is almost dead.
The worm bites you.
You die...

#......# #....... #. #......#
#....... ####.## #......#
#....... #.....# #......#
#....... #.....# #......#
#.)..... #..!..#
######.###....... #.....#
#...†.......
#....)###################.......
#.......(.(.((w@................
#.....######################.#.#
#.....# #.#.# #.....# #.#.#
#.....# #.#.# ####### #.#.#
#.#.# #.#.# #.#.#


You could see a worm.

Vanquished Creatures
  Terence (D:2)
  2 dart slugs
  A leopard gecko (D:1)
  8 bats
  2 giant cockroaches (D:1)
  5 goblins
  6 hobgoblins
  6 kobolds
  6 frilled lizards
  5 rats
42 creatures vanquished.

Notes
Turn   | Place    | Note
-------+----------+-------------------------------------------
     0 | D:1      | LLavrengius the Gargoyle Fighter began the quest for the Orb.
     0 | D:1      | Reached XP level 1. HP: 14/14 MP: 1/1
   118 | D:1      | Reached XP level 2. HP: 14/19 MP: 2/2
   281 | D:1      | Reached XP level 3. HP: 20/23 MP: 3/3
   724 | D:2      | Found a sacrificial altar of Ru.
  1051 | D:2      | Noticed Terence
  1076 | D:2      | Killed Terence
  1076 | D:2      | Reached skill level 4 in Shields
  1076 | D:2      | Reached XP level 4. HP: 10/29 MP: 4/4
  1106 | D:2      | Slain by a worm

Vault maps used:
D:1:      dpeg_arrival_line_fractal
D:2:      minmay_misc_feat_room, nicolae_ru_sacrificial_ziggurat, uniq_terence

Skill      XL: |  1  2  3 |
---------------+----------+-----
Long Blades    | 2 |  2.5
Shields        | 4 |  4.0
Fighting       | |  3.8
Armour         | |  3.9

Action                   |  1- 3 |  4- 6 || total
-------------------------+-------+-------++-------
Melee: Long sword        |   147 |    14 ||   161
Throw: Stone             |       |     6 ||     6
Armor: Scale mail        |    97 |     2 ||    99
Dodge: Dodged            |    53 |       ||    53
Block: Shield            |    88 |     7 ||    95
       Rpst.: Long sword |    18 |       ||    18

Table legend:
 A = Spawn XP
 B = Non-spawn XP
 C = Spawn XP percentage of total XP
 D = Spawn monster count
 E = Non-spawn monster count
 F = Spawn count percentage of total count
 G = Total turns spent on level
                    A         B        C        D         E        F      G
               +---------+---------+-------+---------+---------+-------+---------
         Total |       0 |     107 |   0.0 |       0 |      42 |   0.0 |  1106
               +---------+---------+-------+---------+---------+-------+---------
           D:1 |       0 |      45 |   0.0 |       0 |      25 |   0.0 |   580
           D:2 |       0 |      62 |   0.0 |       0 |      17 |   0.0 |   526
               +---------+---------+-------+---------+---------+-------+---------
